Map: New Repugnancy LE

Players

SoCKs

  • Race: Terran Terran
  • League: Diamond
  • Spawn Location: 7:00

Cliggity - Winner!

  • Race: Protoss Protoss
  • League: Diamond
  • Spawn Location: 1:00

VOD

Have the link to the VOD?

Description

Time

  • Played on: April 15, 2019, 2:43 a.m.
  • Length: 20:40
Show
View Real Time Build Order
Export as new Build Order

SoCKs Terran 

Build Orders: Gas First Reaper Expand, Liberator Opening 

Get SALT Encoding   

  12  0:00  SCV  
  13  0:12  SCV  
  14  0:17  Supply Depot  
  14  0:25  SCV  
  14  0:28  Refinery  
  15  0:39  SCV  
  16  0:45  Barracks  
  16  0:51  SCV  
  17  1:03  SCV  
  18  1:15  SCV  
  19  1:31  Orbital Command  
  19  1:32  Reaper  
  20  1:46  Command Center  
  20  1:58  Factory  
  20  2:05  SCV  
  21  2:09  Barracks Reactor  
  21  2:17  SCV  
  21  2:18  Supply Depot  
  22  2:29  SCV  
  23  2:32  Refinery  
  23  2:41  SCV  
  24  2:49  Factory Tech Lab  
  24  2:54  Starport  
  23  3:00  SCV, Orbital Command  
  23  3:05  Marine x2  
  26  3:12  SCV  
  27  3:14  Cyclone  
  30  3:22  Marine x2  
  32  3:28  SCV x2  
  32  3:33  Starport Tech Lab  
  33  3:40  SCV x2, Refinery, Marine x2  
  35  3:52  SCV x2, Liberator  
  36  3:56  Siege Tank  
  39  4:04  Supply Depot, SCV  
  39  4:05  SCV  
  39  4:07  Marine x2  
  46  4:26  SCV x2  
  48  4:33  Barracks  
  48  4:36  Stimpack  
  48  4:37  Marauder  
  48  4:38  SCV x2, Factory Reactor  
  52  4:42  Supply Depot  
  52  4:50  SCV x2  
  54  4:56  Supply Depot  
  54  5:03  Raven  
  54  5:04  Marauder, SCV x2  
  60  5:09  Command Center  
  60  5:13  Supply Depot  
  60  5:16  SCV  
  60  5:18  Widow Mine x2  
  60  5:20  SCV  
  66  5:24  Refinery  
  66  5:26  Engineering Bay  
  66  5:28  SCV  
  67  5:31  Engineering Bay  
  67  5:44  SCV x2  
  67  5:46  Raven, Widow Mine x2  
  67  5:47  Marine x2  
  77  5:56  Supply Depot  
  77  5:58  Supply Depot  
  77  6:00  Supply Depot, Terran Infantry Weapons Level 1  
  77  6:01  SCV  
  78  6:04  Terran Infantry Armor Level 1  
  78  6:18  Marauder, Marine, SCV x2  
  83  6:19  Widow Mine  
  83  6:20  Widow Mine  
  87  6:26  Marine  
  87  6:30  SCV x2  
  90  6:35  Barracks x2  
  90  6:38  Barracks  
  90  6:41  Combat Shield, Marauder  
  90  6:42  SCV x2  
  94  6:49  Orbital Command  
  94  6:54  SCV  
  94  6:56  SCV  
  96  7:08  Marauder, Marine x2  
  97  7:09  SCV x2  
  99  7:21  SCV  
  100  7:25  Barracks Tech Lab, Barracks Reactor  
  100  7:30  Marauder, SCV x2  
  100  7:33  Starport Reactor  
  100  7:34  SCV, Marine  
  100  7:35  Marine  
  100  7:36  Marauder, Concussive Shells  
  106  7:41  Widow Mine  
  106  7:42  SCV x2, Widow Mine  
  112  7:48  SCV  
  112  7:50  Command Center  
  112  7:51  Marauder, Marine  
  116  7:52  Armory  
  116  7:54  SCV  
  117  7:59  Missile Turret  
  117  8:03  Missile Turret  
  117  8:05  Missile Turret  
  117  8:08  Supply Depot  
  117  8:09  Supply Depot  
  117  8:10  Supply Depot  
  117  8:16  Refinery  
  117  8:17  Refinery  
  117  8:29  Marine x3  
  117  8:30  Marauder x2, SCV x3  
  117  8:31  Marauder  
  129  8:37  Marine  
  129  8:38  Medivac  
  129  8:39  Medivac, Widow Mine  
  129  8:40  Widow Mine  
  136  8:42  SCV x2  
  136  8:45  SCV  
  136  8:47  Marine  
  140  8:54  Supply Depot, SCV  
  140  8:55  Supply Depot x2  
  141  8:56  Terran Ship Weapons Level 1, Terran Infantry Weapons Level 2  
  141  8:57  Terran Infantry Armor Level 2  
  141  9:01  Marine x2  
  141  9:02  Marauder x3, Marine, SCV  
  151  9:04  Widow Mine  
  151  9:05  Widow Mine  
  155  9:16  Medivac x2  
  159  9:23  Marauder x2  
  163  9:29  Marine x2  
  163  9:30  Marauder  
  167  9:41  Marine  
  167  9:42  Marine  
  167  9:45  Marauder x2  
  173  9:47  Marine x2  
  173  9:51  Widow Mine x2  
  179  9:58  Medivac  
  179  10:09  Marauder  
  179  10:11  Medivac  
  179  10:12  Marauder x2  
  179  10:13  Marine  
  179  10:14  Marine  
  165  10:27  Marine x2  
  149  10:30  Marauder  
  149  10:31  Marine  
  149  10:33  Marauder  
  149  10:34  Marauder, Supply Depot x2, Ghost Academy  
  143  10:35  Supply Depot  
  143  10:39  Supply Depot  
  143  10:40  Planetary Fortress  
  143  10:42  Ghost Academy  
  143  10:43  Refinery  
  143  10:44  SCV x3, Refinery  
  143  10:48  Marine x2  
  143  10:49  Widow Mine  
  152  10:50  Widow Mine  
  152  10:51  Marauder  
  152  10:53  Medivac x2  
  152  10:55  Marauder x2  
  162  11:11  Barracks  
  160  11:12  Ghost  
  160  11:14  Barracks x2  
  160  11:15  SCV x3, Ghost  
  160  11:16  Ghost  
  160  11:17  SCV  
  166  11:19  Marine x4  
  166  11:20  Liberator x2  
  166  11:21  Widow Mine x2  
  172  11:26  Personal Cloaking  
  172  11:27  Terran Infantry Weapons Level 3, SCV x3  
  172  11:29  SCV  
  176  11:39  SCV x3  
  185  11:41  Marauder, SCV  
  185  11:43  Starport  
  185  11:45  Marauder x2, Fusion Core, Nuke  
  190  11:50  Marine x2  
  191  11:54  SCV x3  
  191  11:55  Factory  
  193  12:03  Marauder, Barracks Tech Lab x2  
  195  12:13  Terran Infantry Armor Level 3  
  195  12:14  Terran Ship Weapons Level 2  
  195  12:17  Barracks Tech Lab  
  195  12:19  Starport Tech Lab  
  195  12:24  Ghost x2  
  198  12:59  Marine x2  
  184  13:18  Supply Depot  
  184  13:19  Supply Depot  
  176  13:22  Supply Depot  
  157  13:41  Marauder x3, Marine x2  
  140  13:42  Marauder  
  140  13:43  Marine x3  
  140  13:44  Marauder  
  97  13:56  Supply Depot  
  97  13:57  Supply Depot, SCV x3  
  97  13:58  Supply Depot, Marine x2  
  97  14:01  Marauder, Marine x2  
  110  14:03  Marauder x3, Liberator, Ghost  
  110  14:04  Ghost  
  110  14:06  Orbital Command  
  110  14:07  Liberator  
  110  14:09  SCV x2  
  104  14:16  Marine x2  
  100  14:19  Marine x2  
  100  14:20  Widow Mine x2  
  100  14:23  Marauder, SCV x3  
  123  14:24  Marauder x3  
  123  14:28  Factory Tech Lab  
  115  14:32  Marine  
  115  14:34  Marauder, Marine  
  111  14:44  Marauder, Ghost x2  
  102  14:45  Marine  
  102  14:46  Marauder, Marine x2  
  102  14:50  Marauder  
  100  14:55  Marauder  
  100  14:56  Marine  
  93  15:04  Marine  
  93  15:06  Marauder  
  95  15:07  Marauder  
  95  15:11  SCV x4  
  95  15:13  Marine  
  100  15:14  Marauder, Marine  
  100  15:17  Marauder, Barracks Tech Lab  
  100  15:19  Barracks Tech Lab  
  99  15:22  Factory Tech Lab  
  99  15:23  SCV  
  99  15:24  Starport Tech Lab  
  99  15:25  Starport Reactor  
  99  15:27  Marine x2  
  101  15:29  Marauder  
  101  15:30  SCV x3  
  101  15:32  Marauder, Marine  
  101  15:35  Marauder  
  111  15:38  Fusion Core  
  111  15:44  Marine  
  111  15:45  Marauder, Marine  
  111  15:46  Marauder, Marine  
  118  15:50  Marauder  
  120  15:57  Marine x2  
  120  15:58  Marauder  
  120  16:02  SCV x4  
  130  16:04  Marauder  
  130  16:05  Ghost  
  130  16:06  Ghost  
  124  16:19  Marine x2  
  124  16:20  Marauder x2  
  94  16:33  SCV x4  
  90  16:44  Ghost x3  
  90  16:45  SCV x3  
  97  16:47  Command Center  
  97  16:51  Medivac x2  
  101  16:59  Liberator  
  101  17:04  Barracks Reactor  
  101  17:05  Ghost  
  101  17:06  Ghost  
  105  17:09  Widow Mine x2  
  105  17:10  Drilling Claws  
  105  17:12  Widow Mine  
  111  17:19  Advanced Ballistics  
  114  17:26  Liberator x2  
  114  17:41  Widow Mine x3  
  126  17:45  Marine x2  
  126  17:46  Marauder x3, Marine x2  
  132  17:56  Marine x2  
  132  17:57  Marauder  
  134  18:03  Marine  
  135  18:06  Ghost  
  135  18:11  Planetary Fortress  
  137  18:13  SCV x3  
  137  18:16  Ghost  
  142  18:25  SCV x2  
  144  18:29  Supply Depot x2  
  144  18:32  SCV x2  
  146  18:37  SCV  
  147  18:41  Refinery x2  
  147  18:55  Marine x2  
  144  18:56  Marauder x3, Marine, Ghost x2  
  137  19:13  Marauder, Marine x3, Orbital Command  
  137  19:15  Marine  
  138  19:17  Marauder x2  
  138  19:18  Marauder  
  137  19:24  Marine  
  137  19:26  Marine  
  137  19:30  Marine  
  137  19:31  Marine x2  
  108  19:33  Marine  
  108  19:35  Marauder  
  103  19:39  Marauder  
  103  19:46  Marine x2  
  103  19:47  Marauder x2  
  93  20:02  Marine x2  
  93  20:06  Marine  
  94  20:11  Marine  
  83  20:17  Marine  
  83  20:18  Marine  
Show
View Real Time Build Order
Export as new Build Order

Cliggity Protoss - Winner!

Build Orders: 1 Gate Expand, Blink Stalkers 

Get SALT Encoding   

  12  0:01  Probe  
  13  0:13  Probe  
  14  0:19  Pylon  
  14  0:25  Probe  
  15  0:35  Probe  
  15  0:38  Gateway  
  16  0:43  Probe  
  17  0:50  Assimilator  
  17  0:52  Probe  
  18  1:05  Probe  
  19  1:17  Probe  
  20  1:25  Nexus  
  21  1:41  Cybernetics Core  
  20  1:51  Probe  
  21  2:05  Probe  
  22  2:09  Assimilator  
  22  2:10  Pylon  
  22  2:11  Stalker  
  22  2:15  Pylon  
  23  2:26  Warp Gate  
  23  2:30  Probe  
  24  2:41  Stalker  
  24  2:42  Probe  
  27  2:52  Probe  
  27  2:54  Probe  
  29  3:03  Twilight Council  
  29  3:06  Gateway  
  29  3:08  Gateway  
  29  3:10  Probe  
  29  3:11  Sentry  
  32  3:19  Probe  
  33  3:22  Probe  
  34  3:31  Blink, Probe  
  35  3:34  Probe  
  36  3:44  Probe  
  36  3:46  Probe  
  34  3:56  Probe  
  34  3:58  Probe  
  36  4:08  Robotics Facility, Probe  
  36  4:09  Pylon  
  37  4:10  Probe  
  37  4:16  Stalker x3, Probe  
  44  4:18  Probe  
  46  4:24  Probe, Pylon  
  46  4:30  Probe  
  47  4:34  Probe  
  47  4:36  Pylon  
  47  4:37  Assimilator  
  47  4:38  Assimilator  
  49  4:44  Gateway  
  49  4:49  Pylon  
  49  4:52  Probe x2  
  51  4:57  Observer  
  52  5:04  Probe x2  
  54  5:10  Nexus  
  54  5:16  Charge, Probe  
  54  5:20  Warp Prism  
  57  5:28  Stalker  
  57  5:35  Stalker x2  
  63  5:41  Probe x2  
  65  5:51  Pylon  
  65  5:53  Probe  
  65  5:54  Probe  
  67  5:58  Templar Archives  
  67  6:00  Observer  
  65  6:24  Probe  
  65  6:25  Probe x2  
  68  6:28  Psionic Storm  
  68  6:38  Observer  
  69  6:41  Probe x2  
  69  6:42  Probe  
  72  6:51  Stalker x4  
  72  6:53  Probe x2  
  72  6:54  Probe  
  83  7:05  Probe  
  82  7:16  Probe  
  82  7:17  Probe  
  82  7:18  Probe  
  82  7:19  High Templar x2  
  82  7:20  High Templar x2  
  93  7:28  Probe  
  93  7:29  Probe  
  95  7:30  Assimilator, Probe  
  95  7:33  Assimilator  
  95  7:36  Gateway  
  96  7:37  Gateway  
  96  7:39  Gateway  
  96  7:41  Probe  
  96  7:42  Forge  
  96  7:43  Forge  
  97  7:47  Gateway  
  97  7:49  Pylon  
  97  7:50  Gateway  
  97  7:55  Gateway  
  97  7:58  Pylon  
  97  8:03  Observer  
  97  8:05  Protoss Ground Armor Level 1, Protoss Ground Weapons Level 1  
  97  8:08  Observer  
  97  8:09  Zealot x3  
  97  8:10  Zealot  
  106  8:14  Shield Battery  
  106  8:16  Shield Battery  
  106  8:17  Probe x3  
  109  8:23  Pylon  
  109  8:26  Pylon  
  108  8:29  Probe  
  107  8:45  Probe x3  
  110  8:54  Robotics Bay  
  110  8:55  Gateway  
  110  8:56  High Templar x3  
  110  8:57  Zealot x7  
  130  9:12  Photon Cannon  
  130  9:13  Photon Cannon  
  130  9:15  Photon Cannon  
  130  9:17  Shield Battery  
  130  9:18  Shield Battery  
  130  9:19  Pylon  
  130  9:28  Nexus  
  130  9:29  Pylon  
  130  9:31  Pylon  
  130  9:37  Stargate  
  130  9:38  Zealot x5  
  136  10:14  Zealot x6  
  136  10:15  Zealot x4  
  149  10:34  Protoss Ground Weapons Level 2, Protoss Ground Armor Level 2  
  147  10:40  Zealot x4  
  147  10:41  Zealot  
  157  10:48  Nexus  
  157  10:54  Pylon  
  157  10:56  Pylon  
  157  10:58  Nexus  
  157  11:00  Pylon  
  157  11:02  Pylon  
  157  11:05  Assimilator  
  157  11:10  Assimilator  
  157  11:23  Immortal  
  151  11:30  Stargate  
  151  11:32  Pylon, High Templar x7  
  165  11:34  Pylon  
  165  11:37  Zealot x4  
  169  12:06  Fleet Beacon  
  169  12:09  Probe x4  
  169  12:14  Observer  
  173  12:19  Zealot x5  
  173  12:20  Zealot x6  
  173  12:21  Probe x3  
  198  12:26  Warp Prism  
  166  13:22  Zealot x10  
  166  13:23  Zealot  
  133  13:50  Zealot x2  
  133  13:51  Zealot x9  
  123  14:20  Zealot x2  
  123  14:21  Zealot x6  
  123  14:22  Zealot x3  
  135  14:44  Zealot  
  135  14:45  Zealot x10  
  119  14:56  Archon  
  115  15:03  Tempest  
  115  15:04  Tempest  
  107  15:11  High Templar x6  
  107  15:12  Zealot x5  
  116  15:20  Immortal  
  121  15:22  Protoss Air Weapons Level 1  
  121  15:24  Protoss Ground Armor Level 3, Protoss Ground Weapons Level 3  
  117  15:46  Tempest  
  117  15:47  Tempest  
  117  15:48  Assimilator  
  127  15:51  Assimilator  
  127  15:52  Pylon  
  127  15:54  Pylon  
  127  15:58  Zealot x6  
  127  15:59  Zealot x5, Immortal  
  146  16:21  Stalker x7  
  137  16:32  Zealot x4  
  141  16:44  Probe x3  
  141  16:45  Probe x2  
  142  16:54  Tempest x2  
  138  16:56  Probe  
  138  17:01  High Templar x9  
  143  17:02  High Templar x2  
  171  17:23  Nexus  
  171  17:27  Probe x2  
  171  17:28  Protoss Air Weapons Level 2  
  173  17:37  Tempest x2  
  173  17:41  Zealot  
  173  17:42  Zealot x7  
  199  17:54  Mothership  
  197  18:13  Pylon  
  197  18:16  Pylon  
  197  18:18  Observer  
  198  18:21  Protoss Shields Level 1  
  179  19:11  Archon x4  
  145  19:42  Zealot x11  
  152  20:05  Zealot x2  
  152  20:06  Zealot x9  
  148  20:29  Zealot x2  
  148  20:30  Zealot x9  
Tags
 
Add a new tag
Caveats
  • Supply blocks, unpowered buildings, or Contaminate may cause inaccurate times.
  • Supply counts are checked every 10 seconds.